 Dungeon Crawl Stone Soup version 0.27-a0-720-g3f424a255b (webtiles) character file.

Game seed: 17137424734467288531

43 Bapho the Ruffian (level 3, -4/36 HPs)
             Began as a Troll Monk on Mar 23, 2021.
             Slain by an ogre
             ... wielding a +0 giant club
              (16 damage)
             ... on level 2 of the Dungeon.
             The game lasted 00:02:43 (1380 turns).

Bapho the Ruffian (Troll Monk)                      Turns: 1380, Time: 00:02:43

Health: -4/36      AC:  5    Str: 20    XL:     3   Next: 37%
Magic:  2/2        EV: 10    Int:  6    God:
Gold:   85         SH:  0    Dex: 12    Spells: 2/2 levels left

rFire    . . .     SeeInvis .     - Unarmed
rCold    . . .     Faith    .   (no shield)
rNeg     . . .     Spirit   .   a - +1 robe
rPois    .         Reflect  .   (helmet restricted)
rElec    .         Harm     .   (no cloak)
rCorr    .         Rampage  .   (gloves unavailable)
Will     .....                  (boots unavailable)
Stlth    ++........             (no amulet)
HPRegen  1.12/turn              (no ring)
MPRegen  0.08/turn              (no ring)

@: no status effects
A: large, unfitting armour, claws 3, regeneration 1, shaggy fur 1, tough skin 1
a: no special abilities


You were on level 2 of the Dungeon.
You visited 1 branch of the dungeon, and saw 2 of its levels.

You collected 85 gold pieces.

Inventory:

Missiles
 b - 60 stones (quivered)
 c - 13 poisoned darts
Armour
 a - a +1 robe (worn)
Scrolls
 e - a scroll of enchant weapon {unknown}
Potions
 d - a potion of magic
 g - a potion of berserk rage {unknown}


   Skills:
 - Level 2.4 Fighting
 - Level 2.4 Dodging
 - Level 1.0 Stealth
 + Level 4.5 Unarmed Combat


You had 2 spell levels left.
You didn't know any spells.
Your spell library was empty.

Dungeon Overview and Level Annotations

Branches:
Dungeon (2/15)

Altars:
Cheibriados
Wu Jian


Innate Abilities, Weirdness & Mutations

You are too large for most types of armour.
You have claws for hands.
Your natural rate of healing is unusually fast.
You are covered in fur. (AC +1)
You have tough skin. (AC +1)


Message History

You throw a stone. The stone misses the frilled lizard.
You throw a stone.
The stone barely misses the frilled lizard.
You throw a stone.
The stone hits the frilled lizard but does no damage.
You claw the frilled lizard!
You kill the frilled lizard!
No target in view!
There is an open door here.
b - 62 stones (gained 1)
b - 64 stones (gained 2)
e - a scroll labelled EGEH SAEMAYL
There is an open door here.
You see here an adder corpse.
An ogre comes into view. It is wielding a +0 giant club.
The ogre shouts!
You throw a stone. The stone hits the ogre.
The ogre is lightly wounded.
You throw a stone. The stone completely misses the ogre.
You throw a stone.
The stone hits the ogre but does no damage.
The ogre is lightly wounded.
You throw a stone.
The stone hits the ogre but does no damage.
The ogre is lightly wounded.
You closely miss the ogre.
The ogre is lightly wounded.
The ogre hits you with a +0 giant club!
You claw the ogre!
The ogre is moderately wounded.
The ogre hits you with a +0 giant club!
An ogre is nearby!
The ogre completely misses you.
You barely miss the ogre.
The ogre is moderately wounded.
The ogre hits you with a +0 giant club!!
Ouch! That really hurt!
* * * LOW HITPOINT WARNING * * *
The ogre hits you with a +0 giant club!
You die...

#.#############...#
#†#.............#.#
#........#####..#.##
#..####..# #..#..#
#.## #.## #...#.#
#># #.# #.#.#.# .(#
#.# #.#.#.# .(.
##.######.#O#.# ...
..........#@#.# ...#
.....#.)###.#.###
..(.
..........#.....##
.(..
....##.##...#....#
.## #. ###......# #.
###....# .. ##....#
## #.....# ###.....#


You could see an ogre.

Vanquished Creatures
  An adder (D:2)
  A dart slug (D:1)
  3 bats
  A giant cockroach (D:1)
  5 goblins
  3 hobgoblins (D:1)
  5 oozes (D:1)
  A quokka (D:1)
  2 ball pythons
  2 frilled lizards
  2 kobolds
  5 rats (D:1)
31 creatures vanquished.

Vanquished Creatures (others)
  A fungus (D:1)
1 creature vanquished.

Grand Total: 32 creatures vanquished

Notes
Turn   | Place    | Note
-------+----------+-------------------------------------------
     0 | D:1      | Bapho the Troll Monk began the quest for the Orb.
     0 | D:1      | Reached XP level 1. HP: 22/22 MP: 0/0
   242 | D:1      | Reached XP level 2. HP: 29/29 MP: 1/1
   600 | D:1      | Reached skill level 4 in Unarmed Combat
   936 | D:1      | Reached XP level 3. HP: 36/36 MP: 2/2
  1244 | D:2      | Found a snail-covered altar of Cheibriados.
  1310 | D:2      | Found an ornate altar of the Wu Jian Council.
  1352 | D:2      | Noticed an ogre
  1380 | D:2      | Slain by an ogre

Illustrated notes

Levels and vault maps discovered:
D:1:      dpeg_cavernosity, layout_basic
D:2:      layout_rooms, nicolae_wu_jian_immortal_techniques, cheibriados_altar_1

Skill      XL: |  1  2 |
---------------+-------+-----
Unarmed Combat | 4 |  4.5
Fighting       | |  2.4
Dodging        | |  2.4
Stealth        | |  1.0

Action                   || total
-------------------------++-------
Melee: Unarmed           ||    62
Throw: Stone             ||    78
  Use: Scroll            ||     3
Armor: Robe              ||    10
Dodge: Dodged            ||    23

Table legend: (Time is in decaauts)
 A = Elapsed time spent in this place.
 B = Non-inter-level travel time spent in this place.
 C = Inter-level travel time spent in this place.
 D = Time resting spent in this place.
 E = Time spent auto-exploring this place.
 F = Levels seen in this place.
 G = Mean time per level.
                   A        B        C        D        E       F      G
               +--------+--------+--------+--------+--------+-----+--------+
         Total |   1383 |   1341 |     42 |      0 |   1107 |   2 |  691.5 |
       Dungeon |   1383 |   1341 |     42 |      0 |   1107 |   2 |  691.5 |
               +--------+--------+--------+--------+--------+-----+--------+

Top non-repeatable levels by time:
     D:1: 1199 daAuts
     D:2: 183 daAuts
